 Dungeon Crawl Stone Soup version 0.31-a0-175-g9f7f995f2b (webtiles) character file.

Game seed: 3573850985077416531

189 qw the Chopper (level 5, 0/33 HPs)
             Began as a Gargoyle Fighter on June 17, 2023.
             Slain by Pikel
             ... wielding a +0 whip of flaming
              (2 damage)
             ... on level 4 of the Dungeon.
             The game lasted 00:01:12 (2302 turns).

qw the Chopper (Gargoyle Fighter)                   Turns: 2302, Time: 00:01:13

Health: 0/33       AC: 14    Str: 22    XL:     5   Next: 68%
Magic:  5/5        EV:  9    Int:  8    God:
Gold:   92         SH:  4    Dex:  9    Spells: 4/4 levels left

rFire   . . .        Y - +1 war axe
rCold   . . .        c - +0 buckler
rNeg    + . .        b - +0 scale mail
rPois   inf          (no helmet)
rElec   +            (no cloak)
rCorr   .            j - +2 pair of gloves {hurl}
SInv    .            (no boots)
Will    .....        (no amulet) Stlth
                     (no ring)
HPRegen 0.25/turn    (no ring)
MPRegen 0.09/turn

%: no passive effects
@: about to teleport
A: sickness immunity, AC +4, negative energy resistance 1, electricity
resistance, torment resistance 1, petrification resistance
a: no special abilities


You were on level 4 of the Dungeon.
You visited 1 branch of the dungeon, and saw 4 of its levels.

You collected 92 gold pieces.


Innate Abilities, Weirdness & Mutations

You are immune to sickness and miasma.
Your stone body is resilient. (AC +4)
You are immune to poison.
You resist negative energy. (rN+)
You are resistant to electric shocks. (rElec)
You are resistant to unholy torment.
You are immune to petrification.


   Skills:
 + Level 3.7 Fighting
 - Level 5.0 Axes
 - Level 3.2 Armour
 - Level 3.2 Shields


You had 4 spell levels left.
You didn't know any spells.
Your spell library was empty.

Inventory:

Hand Weapons
 k - a +0 mace
 Y - a +1 war axe (weapon)
Missiles
 i - 4 boomerangs (quivered)
Armour
 b - a +0 scale mail (worn)
 c - a +0 buckler (worn)
 j - a +2 pair of gloves of hurling (worn)
 q - a +0 chain mail
Jewellery
 e - a ring of fire
Scrolls
 m - a scroll of brand weapon {unknown}
 n - a scroll of enchant armour
 p - a scroll of poison {unknown}
Potions
 d - a potion of might
 f - a potion of enlightenment {unknown}
 g - a potion of degeneration {unknown}
 h - a potion of curing {unknown}
 l - a potion of haste {unknown}
 o - 2 potions of mutation {unknown}

Dungeon Overview and Level Annotations

Branches:
Dungeon (4/15)
 Temple: D:4-7

Altars:
Dithmenos
Gozag
Nemelex Xobeh
Yredelemnul

Shops:
D:4 (

Annotations:
D:4 Pikel


Message History

The lemure hits you but does no damage. The lemure barely misses you.
The lemure misses you. The lemure hits you but does no damage.
The lemure hits you. The lemure hits you but does no damage.
Pikel hits you but does no damage. The lemure hits you but does no damage.
You hit the lemure.
The lemure is heavily wounded.
You hit the lemure. You slash the lemure! You barely miss the lemure.
You miss Pikel. Pikel closely misses you. The lemure misses you.
The lemure hits you. The lemure barely misses you.
The lemure closely misses you.
You closely miss the lemure.
The lemure is heavily wounded.
You completely miss Pikel. You hit the lemure. You barely miss the lemure.
You slash the lemure! Pikel hits you but does no damage. The lemure misses you.
The lemure hits you but does no damage. The lemure hits you.
You block the lemure's attack.
2300 ||| READING scroll of teleportation.
As you read the scroll of teleportation, it crumbles to dust.
You feel strangely unstable. Pikel hits you but does no damage.
The lemure barely misses you.
The lemure hits you but does no damage. x3
You hit the lemure.
The lemure is heavily wounded.
You hit the lemure but do no damage. You closely miss the lemure.
You barely miss the lemure. You slash Pikel! Pikel hits you but does no damage.
The lemure misses you. The lemure hits you but does no damage.
You block the lemure's attack. The lemure hits you but does no damage.
You barely miss the lemure.
The lemure is heavily wounded.
You closely miss the lemure. You slash the lemure! You hit the lemure.
You barely miss Pikel. The lemure hits you but does no damage.
Pikel says, "All the demons know me.
They respect me."
Pikel closely misses you.
The lemure hits you but does no damage. x4
You block the lemure's attack. The lemure hits you but does no damage.
Pikel hits you with a +0 whip of flaming.
Pikel burns you.
You die...

#........))......#.#.####.
###..............#.#...#..
###.............##.###.#.#
#.........#.#......##.....
#.........#.#.............
#.........#.#.#.#...#.....
#.....)...#+#+#.....+.....
###............#....###...
#.....5@5w...##...# #...
#.......5K5....##..## #...
#.......wS.......... #...
#...#####........... ##..
#... ##..........# . #...
#........#.. . #.
......... . ......##. .
S.....#


You could see Pikel, 4 lemures, a worm, a dart slug and a ball python.

Vanquished Creatures
  A hound (D:4)
  3 gnolls (D:4)
  4 adders
  2 worms
  5 dart slugs
  9 bats
  4 endoplasms
  A giant cockroach (D:2)
  5 goblins
  6 hobgoblins
  10 jackals
  A quokka (D:1)
  7 ball pythons
  7 frilled lizards
  5 kobolds
  6 rats
76 creatures vanquished.

Notes
Turn   | Place    | Note
-------+----------+-------------------------------------------
     0 | D:1      | qw the Gargoyle Fighter began the quest for the Orb.
     0 | D:1      | Reached XP level 1. HP: 14/14 MP: 1/1
     0 | D:1      | 0 ||| qw: Version: 0.3-a-2-g5ab2908
     0 | D:1      | 0 ||| qw: Game counter: 202
     0 | D:1      | 0 ||| qw: Always use a shield: true
     0 | D:1      | 0 ||| qw: God list: Okawaru
     0 | D:1      | 0 ||| qw: Allow faded altars: false
     0 | D:1      | 0 ||| qw: Do Orc after D:15 true
     0 | D:1      | 0 ||| qw: Do second Lair branch before Depths: true
     0 | D:1      | 0 ||| qw: Lair rune preference: random
     0 | D:1      | 0 ||| qw: Plans: Normal, Zot:1-4, Slime:5, God:TSO, Crypt,
                  | Tomb, Abyss, Pan, Hells, Win
     0 | D:1      | 0 ||| PLANNING D:1-11
    73 | D:1      | Reached skill level 2 in Axes
    96 | D:1      | 96 ||| Stepping ~*~*~tactically~*~*~ (stealth).
   111 | D:1      | Reached XP level 2. HP: 15/19 MP: 2/2
   142 | D:1      | 142 ||| Stepping ~*~*~tactically~*~*~ (hiding).
   165 | D:1      | 165 ||| Stepping ~*~*~tactically~*~*~ (stealth).
   317 | D:1      | Reached skill level 3 in Axes
   360 | D:1      | Reached XP level 3. HP: 23/23 MP: 3/3
   449 | D:1      | 449 ||| DROPPING +0 whip.
   509 | D:1      | 509 ||| Stepping ~*~*~tactically~*~*~ (stealth).
   713 | D:1      | 713 ||| READING scroll labelled JUCVUY BETOH UDDA.
   714 | D:1      | 714 ||| READING scroll labelled XAM UZEATWYCOMI.
   785 | D:2      | 785 ||| Stepping ~*~*~tactically~*~*~ (stealth).
   834 | D:2      | 834 ||| FLEEEEING.
   835 | D:2      | 835 ||| FLEEEEING.
   836 | D:2      | 836 ||| FLEEEEING.
   842 | D:2      | Found a basalt altar of Yredelemnul.
   846 | D:2      | 846 ||| STAIRDANCE
   848 | D:1      | 848 ||| READING scroll labelled BUBLAEVEHO.
   849 | D:1      | 849 ||| READING scroll labelled BAETSOL ETUGE.
   882 | D:2      | 882 ||| Stepping ~*~*~tactically~*~*~ (stealth).
  1295 | D:2      | 1295 ||| UPGRADING to +2 pair of gloves of hurling.
  1300 | D:2      | 1300 ||| DROPPING ring of magical power.
  1301 | D:2      | 1301 ||| READING scroll labelled ARPHIME POEBIGO.
  1302 | D:2      | 1302 ||| READING scroll labelled DAELUE VYIPS.
  1360 | D:3      | 1360 ||| Stepping ~*~*~tactically~*~*~ (stealth).
  1366 | D:3      | 1366 ||| Stepping ~*~*~tactically~*~*~ (stealth).
  1367 | D:3      | 1367 ||| Stepping ~*~*~tactically~*~*~ (stealth).
  1375 | D:3      | Reached XP level 4. HP: 25/28 MP: 4/4
  1379 | D:3      | 1379 ||| Stepping ~*~*~tactically~*~*~ (stealth).
  1502 | D:3      | Reached skill level 4 in Axes
  1532 | D:3      | Found a shadowy altar of Dithmenos.
  1809 | D:3      | Found a sparkling altar of Nemelex Xobeh.
  1840 | D:3      | Found an opulent altar of Gozag.
  1958 | D:3      | 1958 ||| READING scroll labelled ARUDWE SOILOWUIPN.
  1995 | D:4      | Reached XP level 5. HP: 32/32 MP: 5/5
  2055 | D:4      | Found Oliask's Antique Weapon Boutique.
  2058 | D:4      | 2058 ||| SHOPLISTING shimmering war axe (195 gold, have
                  | 86).
  2100 | D:4      | 2100 ||| Stepping ~*~*~tactically~*~*~ (hiding).
  2174 | D:4      | Reached skill level 5 in Axes
  2286 | D:4      | Noticed a lemure
  2287 | D:4      | Noticed Pikel
  2287 | D:4      | Noticed a lemure
  2288 | D:4      | Noticed a lemure
  2289 | D:4      | 2289 ||| Stepping ~*~*~tactically~*~*~ (stealth).
  2290 | D:4      | Noticed a lemure
  2299 | D:4      | HP: 4/33 [lemure[Pikel] (5)]
  2300 | D:4      | 2300 ||| READING scroll of teleportation.
  2302 | D:4      | Slain by Pikel

Levels and vault maps discovered:
D:1:      spicycebolla_arrival_ecumenical, layout_loops_cross
D:2:      layout_basic, basic_altar
D:3:      layout_rooms, mainiacjoe_overflow_tiny_flanked,
          mainiacjoe_overflow_small_starburst, nicolae_gozag_seed_capital,
          hangedman_decor_clover_reticule, chequers_decorated_corner,
          nicolae_elevator_lobby_plus
D:4:      layout_basic, serial_shops, nicolae_shop_window_shopping, uniq_pikel

Skill      XL: |  1  2  3  4  5 |
---------------+----------------+-----
Axes           | 2 3 4 5 |  5.0
Fighting       | |  3.7
Armour         | |  3.2
Shields        | |  3.2

Action                     |  1- 3 |  4- 6 || total
---------------------------+-------+-------++-------
  Melee: War axe           |    99 |    62 ||   161
  Throw: Boomerang         |    48 |    37 ||    85
    Use: Scroll            |     6 |     2 ||     8
 Armour: Scale mail        |    65 |    60 ||   125
  Dodge: Dodged            |    50 |    36 ||    86
  Block: Buckler           |    21 |    12 ||    33

Table legend:
 A = Non-vault XP
 B = Vault XP
 C = Vault XP percentage of total XP
 D = Non-vault monster count
 E = Vault monster count
 F = Vault count percentage of total count
                 A         B        C        D         E       F
            +---------+---------+-------+---------+---------+-------
      Total |     271 |       0 |   0.0 |      76 |       0 |   0.0
            +---------+---------+-------+---------+---------+-------
        D:1 |      41 |       0 |   0.0 |      24 |       0 |   0.0
        D:2 |      35 |       0 |   0.0 |      21 |       0 |   0.0
        D:3 |      63 |       0 |   0.0 |      19 |       0 |   0.0
        D:4 |     132 |       0 |   0.0 |      12 |       0 |   0.0
            +---------+---------+-------+---------+---------+-------
